 Dungeon Crawl Stone Soup version 0.32-a0-933-ga8fa3634e4 (webtiles) character file.

Game seed: 837158403961956160

412 PriceMaster the Digger (level 6, -2/28 HPs)
             Began as a Spriggan Earth Elementalist on Apr 12, 2024.
             Slain by an orc
             ... wielding a +0 trident
              (7 damage)
             ... on level 5 of the Dungeon on Apr 14, 2024.
             The game lasted 00:03:55 (3832 turns).

PriceMaster the Digger (SpEE)                       Turns: 3832, Time: 00:03:56

Health: -2/28      AC:  2    Str:  4    XL:     6   Next: 59%
Magic:  8/14       EV: 16    Int: 19    God:
Gold:   270        SH:  0    Dex: 15    Spells: 10/15 levels left

rFire   . . .        i - staff of earth
rCold   . . .        (shield currently unavailable)
rNeg    . . .        a - +0 robe
rPois   .            (helmet restricted)
rElec   .            (no cloak)
rCorr   .            (gloves unavailable)
SInv    +            (boots unavailable)
Will    +....        (no amulet)
Stlth   +++          (no ring)
HPRegen 0.24/turn    (no ring)
MPRegen 0.14/turn

%: no passive effects
@: very quick
A: very small, no large weapons, unfitting armour, see invisible, speed 3
a: no special abilities


You were on level 5 of the Dungeon.
You visited 1 branch of the dungeon, and saw 5 of its levels.

You collected 270 gold pieces.

Inventory:

Hand Weapons
 j - a +2 dagger of speed
 l - a +0 dagger of electrocution
Armour
 a - a +0 robe (worn)
Magical Staves
 i - a staff of earth (weapon)
Jewellery
 p - a ring of flight
Wands
 r - a wand of iceblast (7)
Scrolls
 c - 9 scrolls of identify {unknown}
 d - 3 scrolls of teleportation {unknown}
 k - a scroll of fog {unknown}
 n - a scroll of noise {unknown}
 o - a scroll of revelation {unknown}
 q - 4 scrolls of enchant weapon {unknown}
 u - a scroll of poison {unknown}
 v - a scroll of vulnerability {unknown}
 x - a scroll of enchant armour {unknown}
Potions
 b - a potion of magic
 e - 2 potions of berserk rage {unknown}
 f - 3 potions of heal wounds {unknown}
 g - 2 potions of curing {unknown}
 h - 2 potions of haste {unknown}
 m - a potion of ambrosia {unknown}
 s - 2 potions of resistance {unknown}
 t - a potion of degeneration {unknown}
 w - a potion of cancellation {unknown}
 z - a potion of might {unknown}


   Skills:
 + Level 0.1 Fighting
 + Level 3.1 Dodging
 + Level 4.1 Stealth
 + Level 5.1 Spellcasting
 + Level 0.6 Conjurations
 * Level 5.5 Earth Magic


You had 10 spell levels left.
You knew the following spells:

 Your Spells              Type           Power      Damage    Failure   Level
a - Sandblast             Erth           76%        2d16      1%          1
b - Brom's Barrelling Bo  Conj/Erth      24%        2d5       34%         4

Your spell library contained the following spells:

 Spells                   Type           Power      Damage    Failure   Level
 Passwall                 Erth           38%        N/A       3%          3
 Stone Arrow              Conj/Erth      48%        3d10      11%         3
 Freeze                   Ice            16%        1d4       12%         1
 Hailstorm                Conj/Ice       6%         3d5       32%         3
 Call Canine Familiar     Summ           4%         N/A       36%         3
 Frozen Ramparts          Ice            8%         1d2       36%         3
 Sigil of Binding         Hex            4%         N/A       36%         3
 Volatile Blastmotes      Fire/Tloc      8%         2d10      36%         3
 Petrify                  Alch/Erth      23%        N/A       36%         4
 Fulminant Prism          Conj/Alch      3%         3d5       71%         4
 Iskenderun's Mystic Bla Conj/Tloc 6%             2d4        (+2d1     71%         4
 Dimensional Bullseye     Hex/Tloc       2%         N/A       77%         4
 Summon Forest            Summ/Tloc      2%         N/A       98%         5
 Summon Mana Viper        Hex/Summ       4%         N/A       98%         5
 Summon Cactus Giant      Summ           2%         N/A       100%        6


Dungeon Overview and Level Annotations

Branches:
Dungeon (5/15)             Temple (0/1) D:5

Altars:

Shops:
D:2 [(


Innate Abilities, Weirdness & Mutations

You are very small and have problems with some larger weapons.
You are too small for most types of armour.
You have supernaturally acute eyesight. (SInv)
You cover ground extremely quickly. (Speed+++)


Message History

Casting: Sandblast (safe; 1% risk of failure)
Confirm with . or Enter, or press ? or * to list all spells.
Aiming: Sandblast (safe; 1% risk of failure)
Press: ? - help, Shift-Dir - straight line, f/p - orc
Aim: an orc, wielding a +0 club and wearing a +0 leather armour (moderately wounded, 84% to hit)
You feel a surge of power!
The blast of sand hits the orc.
The orc is severely wounded.
The orc barely misses you.
The orc throws a boomerang.
The boomerang misses you. The orc closely misses you.
Casting: Sandblast (safe; 1% risk of failure)
Confirm with . or Enter, or press ? or * to list all spells.
Aiming: Sandblast (safe; 1% risk of failure)
Press: ? - help, Shift-Dir - straight line, f/p - orc
Aim: an orc, wielding a +0 club and wearing a +0 leather armour (severely wounded, 84% to hit)
You feel a surge of power!
The blast of sand hits the orc but does no damage.
The orc is severely wounded.
The orc hits you with a +0 club. The orc barely misses you.
The orc throws a boomerang.
The boomerang misses you. The orc hits you but does no damage.
The orc misses you.
Casting: Sandblast (safe; 1% risk of failure)
Confirm with . or Enter, or press ? or * to list all spells.
Aiming: Sandblast (safe; 1% risk of failure)
Press: ? - help, Shift-Dir - straight line, f/p - orc
Aim: an orc, wielding a +0 club and wearing a +0 leather armour (severely wounded, 84% to hit)
You feel a surge of power!
The blast of sand hits the orc!
You kill the orc!
The orc hits you with a +0 mace.
The orc hits you from afar with a +0 trident!
Casting: Sandblast (safe; 1% risk of failure)
Confirm with . or Enter, or press ? or * to list all spells.
Aiming: Sandblast (safe; 1% risk of failure)
Press: ? - help, Shift-Dir - straight line, f - orc
Aim: an orc, wielding a +0 mace and quivering boomerangs (84% to hit)
You feel a surge of power!
The blast of sand hits the orc!
You kill the orc!
The orc hits you from afar with a +0 trident!
* * * LOW HITPOINT WARNING * * *
The orc hits you from afar with a +0 trident!
You die...

#########.>...#
...........>..##
...............#
...............#
###...###.######
###...###'##...######
.#....#........#....#
.#....#......^..)...#
.#....#........)@)..#
###...##..########o.#
###...##+## .#
......# # ......#
......# ### ####+###.
.........


You could see an orc.

Vanquished Creatures
  A black bear (D:5)
  A scorpion (D:5)
  A hound (D:5)
  2 iguanas
  2 orc wizards (D:2)
  3 adders
  5 dart slugs
  10 orcs
  8 bats
  6 endoplasms
  3 giant cockroaches
  7 goblins
  9 hobgoblins
  3 jackals
  A quokka (D:2)
  6 ball pythons
  5 frilled lizards
  7 kobolds
  6 rats
86 creatures vanquished.

Notes
Turn   | Place    | Note
-------+----------+-------------------------------------------
     0 | D:1      | PriceMaster the Spriggan Earth Elementalist began the quest
                  | for the Orb.
     0 | D:1      | Reached XP level 1. HP: 9/9 MP: 5/5
   123 | D:1      | Reached XP level 2. HP: 13/13 MP: 4/6
   424 | D:1      | Reached XP level 3. HP: 16/16 MP: 4/8
   971 | D:2      | Upgraded the game from 0.32-a0-928-g1cae6b7ea0 to
                  | 0.32-a0-931-g5a2cda0630
   989 | D:2      | Found Petwex's Antique Weapon Emporium.
  1121 | D:2      | Reached XP level 4. HP: 21/21 MP: 4/10
  1323 | D:2      | Found Niociq's Armour Emporium.
  2059 | D:2      | Learned a level 4 spell: Brom's Barrelling Boulder
  2502 | D:3      | Reached XP level 5. HP: 24/24 MP: 8/12
  3449 | D:4      | Upgraded the game from 0.32-a0-931-g5a2cda0630 to
                  | 0.32-a0-933-ga8fa3634e4
  3557 | D:5      | Entered Level 5 of the Dungeon
  3562 | D:5      | Noticed a black bear
  3574 | D:5      | Killed a black bear
  3575 | D:5      | Reached skill level 5 in Earth Magic
  3575 | D:5      | Reached XP level 6. HP: 17/28 MP: 9/14
  3679 | D:5      | Reached skill level 5 in Spellcasting
  3693 | D:5      | Found a staircase to the Ecumenical Temple.
  3832 | D:5      | Slain by an orc

Illustrated notes

Levels and vault maps discovered:
D:1:      minmay_arrival_stair_chambers, layout_basic, feat_on_display
D:2:      kennysheep_six_static_rooms, layout_basic, serial_shops,
          nicolae_shop_advertising_works [nicolae_subvault_shop_adworks],
          nicolae_shop_waterfront, dreamdust_wishing_well
D:3:      layout_basic
D:4:      layout_rooms
D:5:      layout_gridville, minmay_temple_entry_junction

Skill      XL: |  1  2  3  4  5  6 |
---------------+-------------------+-----
Earth Magic    | 3 4 5 |  5.5
Spellcasting   | 3 4 5 |  5.1
Dodging        | 3 |  3.1
Stealth        | 4 |  4.1
Fighting       | |  0.1
Conjurations   | |  0.6

Action                     |  1- 3 |  4- 6 || total
---------------------------+-------+-------++-------
  Melee: Unarmed           |     4 |       ||     4
         Staff             |     6 |    13 ||    19
   Cast: Sandblast         |    44 |    70 ||   114
         Brom's Barrelling |       |     1 ||     1
   Stab: Sleeping          |     1 |       ||     1
 Armour: Robe              |    13 |    21 ||    34
  Dodge: Dodged            |    21 |    32 ||    53

Table legend: (Time is in decaauts)
 A = Elapsed time spent in this place.
 B = Non-inter-level travel time spent in this place.
 C = Inter-level travel time spent in this place.
 D = Time resting spent in this place.
 E = Time spent auto-exploring this place.
 F = Levels seen in this place.
 G = Mean time per level.
                   A        B        C        D        E       F      G
               +--------+--------+--------+--------+--------+-----+--------+
         Total |   2837 |   2757 |     80 |    240 |   2121 |   5 |  567.4 |
       Dungeon |   2837 |   2757 |     80 |    240 |   2121 |   5 |  567.4 |
               +--------+--------+--------+--------+--------+-----+--------+

Top non-repeatable levels by time:
     D:2: 875 daAuts
     D:1: 758 daAuts
     D:3: 631 daAuts
     D:4: 350 daAuts
     D:5: 222 daAuts
